 Dungeon Crawl Stone Soup version 0.19.1 (webtiles) character file.

1042 Ladykiller69 the Cutter (level 8, -7/52 HPs)
             Began as a High Elf Fighter on Dec 16, 2016.
             Mangled by Menkaure (21 damage)
             ... on level 5 of the Dungeon.
             The game lasted 00:13:32 (5281 turns).

Ladykiller69 the Cutter (High Elf Fighter)          Turns: 5281, Time: 00:13:33

Health: -7/52      AC:  8    Str: 15    XL:     8   Next: 4%
Magic:  9/9        EV: 10    Int: 12    God:
Gold:   222        SH: 10    Dex: 17    Spells: 0 memorised, 7 levels left

rFire  . . .     SeeInvis .     a - +0 rapier
rCold  . . .     Gourm    .     b - +0 scale mail
rNeg   . . .     Faith    .     c - +0 shield
rPois  .         Spirit   .     (no helmet)
rElec  .         Reflect  .     (no cloak)
rCorr  .         Harm     .     (no gloves)
MR     .....                    g - +0 pair of boots
Stlth  ..........               (no amulet)
                                (no ring)
                                (no ring)

@: no status effects
A: no striking features
a: no special abilities


You were on level 5 of the Dungeon.
You were not hungry.

You visited 1 branch of the dungeon, and saw 5 of its levels.
You also visited: Ossuary.

You collected 222 gold pieces.

Inventory:

Hand Weapons
 a - a +0 rapier (weapon)
 e - a +1 whip of electrocution
Missiles
 s - 52 stones (quivered)
 A - a throwing net
Armour
 b - a +0 scale mail (worn)
 c - a +0 shield (worn)
 g - a +0 pair of boots (worn)
 k - a +2 robe of resistance
Wands
 t - a wand of random effects (10/48)
Scrolls
 h - 5 scrolls of remove curse
 i - a scroll of teleportation {unknown}
 n - a scroll of amnesia
 r - 2 scrolls of magic mapping
 u - a scroll of random uselessness {unknown}
 v - a scroll of fog
 y - a scroll of enchant armour {unknown}
 z - a scroll of identify
Potions
 d - a potion of might
 l - 2 potions of curing
 m - 3 potions of degeneration {unknown}
 o - a potion of heal wounds {unknown}
 q - 4 potions of haste {unknown}
Books
 w - a book of Air

   Spells                             Type                      Level
   a - Shock                          Conjuration/Air              1
   b - Swiftness                      Charms/Air                   2
   c - Repel Missiles                 Charms/Air                   2
   d - Static Discharge               Conjuration/Air              3
   e - Lightning Bolt                 Conjuration/Air              5
Comestibles
 f - 3 bread rations
 j - 3 fruits
 p - a slice of pizza
 x - a meat ration
 B - 5 chunks of flesh


   Skills:
 - Level 3.0 Fighting
 * Level 7.2 Short Blades
 + Level 4.5 Armour
 + Level 4.5 Dodging
 + Level 4.7 Shields


You had 7 spell levels left.
You didn't know any spells.

Dungeon Overview and Level Annotations

Branches:
Dungeon (5/15)
 Temple: D:4-7

Altars:
Hepliaklqana
Trog
Vehumet

Annotations:
D:4 Eustachio
D:5 Menkaure


Message History

Menkaure calls on the powers of darkness!
Your body is wracked with pain!
You hit Menkaure.
Menkaure is heavily damaged.
You block Menkaure's attack.
You hit Menkaure but do no damage.
Menkaure is heavily damaged.
You hit Menkaure.
Menkaure is severely damaged.
Menkaure hits you!
* * * LOW HITPOINT WARNING * * *
You feel better. Menkaure hits you!
* * * LOW HITPOINT WARNING * * *
You feel better.
Menkaure gestures wildly while chanting.
Menkaure seems to speed up.
You hit Menkaure but do no damage.
Menkaure is severely damaged.
Menkaure hits you!!
You die...

... ... ... .. #.#
########.################..
........>.......@M.........
...........####.####.......
...........# #.# +#####.
...........# #.#
...........# #.#
...........# #.#
...........# #.#
##.....#...# #.#
..#....#...# #.#


You could see Menkaure.

Vanquished Creatures
  Pikel (D:4)
  Sigmund (D:4)
  2 slaves (D:4)
  2 water moccasin zombies (Ossuary)
  An orc priest (D:4)
  A hound (D:5)
  An orc wizard (D:4)
  An iguana (D:4)
  Jessica (D:2)
  A big kobold zombie (Ossuary)
  2 mummies (Ossuary)
  A howler monkey zombie (D:5)
  3 gnolls (D:4)
  3 adders (D:2)
  An ooze (D:1)
  3 adder zombies (Ossuary)
  A dart slug (D:3)
  5 leopard geckos
  8 orcs
  A ball python (D:3)
  3 giant cockroaches
  6 goblins
  8 hobgoblins
  5 jackals
  A quokka (D:2)
  4 bats
  5 frilled lizards
  2 gnoll zombies (Ossuary)
  5 hobgoblin zombies (Ossuary)
  3 kobolds
  5 kobold zombies (Ossuary)
  11 orc zombies (Ossuary)
  3 rats (D:1)
101 creatures vanquished.

Vanquished Creatures (others)
  A slave (D:4)
  A quokka (D:4)
2 creatures vanquished.

Grand Total: 103 creatures vanquished

Notes
Turn   | Place    | Note
-------+----------+-------------------------------------------
     0 | D:1      | Ladykiller69 the High Elf Fighter began the quest for the Orb.
     0 | D:1      | Reached XP level 1. HP: 16/16 MP: 2/2
   192 | D:1      | Reached skill level 1 in Dodging
   192 | D:1      | Reached XP level 2. HP: 21/21 MP: 3/3
   351 | D:1      | Reached skill level 3 in Short Blades
   593 | D:2      | Noticed Jessica
   604 | D:2      | Killed Jessica
   604 | D:2      | Reached XP level 3. HP: 21/26 MP: 4/4
  1067 | D:2      | Reached XP level 4. HP: 25/31 MP: 5/5
  1445 | D:2      | Found a faded altar of an unknown god.
  1445 | D:2      | Found a faded altar of an unknown god.
  1450 | D:2      | Found a faded altar of an unknown god.
  1452 | D:2      | Found a hazy altar of Hepliaklqana.
  1454 | D:2      | Found a faded altar of an unknown god.
  1703 | D:3      | Found a radiant altar of Vehumet.
  2183 | D:4      | Found a sand-covered staircase.
  2187 | Ossuary  | Entered an ossuary
  2267 | Ossuary  | Reached skill level 4 in Short Blades
  2267 | Ossuary  | Reached XP level 5. HP: 19/36 MP: 6/6
  2729 | Ossuary  | Reached XP level 6. HP: 41/42 MP: 7/7
  2949 | Ossuary  | Reached skill level 5 in Short Blades
  3330 | D:4      | Noticed a slave
  3371 | D:4      | Killed a slave
  3481 | D:4      | Noticed a slave
  3482 | D:4      | Noticed Pikel
  3483 | D:4      | Noticed a slave
  3483 | D:4      | Noticed a slave
  3517 | D:4      | Killed a slave
  3523 | D:4      | Killed Pikel
  3523 | D:4      | Reached skill level 6 in Short Blades
  3523 | D:4      | Reached XP level 7. HP: 46/46 MP: 8/8
  3578 | D:4      | Found a bloodstained altar of Trog.
  3714 | D:4      | Noticed Sigmund
  3758 | D:4      | Killed Sigmund
  4177 | D:4      | Noticed Eustachio
  4560 | D:4      | Reached skill level 7 in Short Blades
  5164 | D:5      | Entered Level 5 of the Dungeon
  5186 | D:5      | Reached XP level 8. HP: 49/52 MP: 9/9
  5258 | D:5      | Noticed Menkaure
  5281 | D:5      | Mangled by Menkaure

Skill      XL: |  1  2  3  4  5  6  7 |
---------------+----------------------+-----
Dodging        | 1 2 3 4 |  4.5
Short Blades   | 3 4 6 7 |  7.2
Shields        | 3 4 |  4.7
Armour         | 3 4 |  4.5
Fighting       | |  3.0

Action                   |  1- 3 |  4- 6 |  7- 9 || total
-------------------------+-------+-------+-------++-------
Melee: Rapier            |    78 |   271 |   238 ||   587
  Use: Scroll            |       |     5 |       ||     5
       Potion            |       |     3 |     3 ||     6
  Eat: Chunk             |       |     4 |     2 ||     6
       Bread ration      |       |     1 |     1 ||     2
Armor: Scale mail        |    35 |    68 |   103 ||   206
       Skin              |       |    10 |       ||    10
Dodge: Dodged            |    16 |    55 |   114 ||   185
Block: Shield            |    27 |   105 |   125 ||   257
